 Dungeon Crawl Stone Soup version 0.29-a0-643-ga013cefcf8 (webtiles) character file.

Game seed: 890872707177932855

1411 spaghetti the Protected (level 8, -3/64 HPs)
             Began as a Gnoll Wanderer on June 19, 2022.
             Was a Priest of Fedhas.
             Killed from afar by a steam dragon (26 damage)
             ... with a ball of steam
             ... on level 6 of the Dungeon.
             The game lasted 00:07:03 (5379 turns).

spaghetti the Protected (Gnoll Wanderer)            Turns: 5379, Time: 00:07:03

Health: -3/64      AC: 13    Str: 15    XL:     8   Next: 70%
Magic:  23/23      EV: 11    Int:  9    God:    Fedhas [***...]
Gold:   328        SH:  0    Dex: 12    Spells: 15/16 levels left

rFire   . . .      SeeInvis .   l - +1 dagger (venom) {short}
rCold   . . .      Faith    .   (no shield)
rNeg    + . .      Spirit   .   b - +2 scale mail
rPois   +          Reflect  .   (no helmet)
rElec   .          Harm     .   s - +2 ratskin cloak {*Rats rPois rN+ Str-1 Int-1 Dex+1}
rCorr   .          Rampage  .   (no gloves)
Will    .....                   (no boots)
Stlth   +.........              (no amulet)
HPRegen 0.20/turn               B - ring of magical power
MPRegen 0.18/turn               (no ring)

@: no status effects
A: fangs 1, strong nose, distributed training
a: Renounce Religion, Wall of Briars, Grow Ballistomycete


You were on level 6 of the Dungeon.
You worshipped Fedhas.
Fedhas was most pleased with you.
You visited 1 branch of the dungeon, and saw 6 of its levels.

You collected 328 gold pieces.


Innate Abilities, Weirdness & Mutations

You have very sharp teeth.
Your uncanny sense of smell can sniff out nearby items.
Your experience applies equally to all skills.


   Skills:
 + Level 5.8 Fighting
 + Level 3.5 Short Blades
 + Level 3.5 Long Blades
 + Level 3.5 Axes
 + Level 3.5 Maces & Flails
 + Level 3.5 Polearms
 + Level 4.4 Staves
 + Level 3.5 Slings
 + Level 3.5 Bows
 + Level 3.5 Crossbows
 + Level 3.5 Throwing
 + Level 9.2 Armour
 + Level 4.4 Dodging
 + Level 3.5 Stealth
 + Level 3.5 Shields
 + Level 3.5 Unarmed Combat
 + Level 4.5 Spellcasting
 + Level 2.8 Conjurations
 + Level 2.8 Hexes
 + Level 2.8 Summonings
 + Level 2.8 Necromancy
 + Level 2.8 Translocations
 + Level 2.8 Transmutations
 + Level 2.8 Fire Magic
 + Level 2.8 Ice Magic
 + Level 2.8 Air Magic
 + Level 2.8 Earth Magic
 + Level 2.8 Poison Magic
 + Level 3.8 Invocations
 + Level 4.4 Evocations


You had 15 spell levels left.
You knew the following spells:

 Your Spells              Type           Power      Damage    Failure   Level
a - Summon Small Mammal   Summ           28%        N/A       24%         1

Your spell library contained the following spells:

 Spells                   Type           Power      Damage    Failure   Level
 Shock                    Conj/Air       28%        1d4       24%         1
 Call Canine Familiar     Summ           7%         N/A       58%         3
 Summon Guardian Golem    Hex/Summ       7%         N/A       58%         3
 Swiftness                Air            7%         N/A       58%         3
 Airstrike                Air            3%         N/A       94%         4

Inventory:

Hand Weapons
 a - a +0 quarterstaff {staff}
 l - a +1 dagger of venom (weapon) {short}
   (You took it off a kobold on level 4 of the Dungeon)
 F - a +2 dagger of holy wrath {short}
   (You took it off Dowan on level 6 of the Dungeon)
Missiles
 e - 70 stones (quivered) {throwing}
 j - 4 javelins {throwing}
 r - 4 poisoned darts {throwing}
 E - 3 boomerangs {throwing}
Armour
 b - a +2 scale mail (worn)
 s - the +2 ratskin cloak (worn) {*Rats rPois rN+ Str-1 Int-1 Dex+1}
   (You found it on level 3 of the Dungeon)

   When the wearer is hurt, rats may emerge from it to assist them.
   Str:       It affects your strength (-1).
   Int:       It affects your intelligence (-1).
   Dex:       It affects your dexterity (+1).
   rPois:     It protects you from poison.
   rN:        It protects you from negative energy.
Magical Staves
 z - a staff of conjuration {!a@e2staff}
   (You found it on level 4 of the Dungeon)
 D - a staff of cold {!astaff}
   (You found it on level 4 of the Dungeon)
Jewellery
 v - a ring of positive energy
   (You found it on level 3 of the Dungeon)
 w - a ring of fire
   (You found it on level 3 of the Dungeon)
 B - a ring of magical power (left hand)
   (You found it on level 4 of the Dungeon)
Wands
 f - a wand of flame (11)
   (You found it on level 6 of the Dungeon)
 k - a wand of acid (2)
   (You took it off Ijyb on level 3 of the Dungeon)
 C - a wand of iceblast (4)
   (You found it on level 4 of the Dungeon)
Scrolls
 c - 2 scrolls of vulnerability {!r!r}
 g - 2 scrolls of noise {!r}
 h - 2 scrolls of immolation {!r!r}
 i - 2 scrolls of teleportation {@r4}
 n - 4 scrolls of amnesia
 o - 2 scrolls of enchant armour
 p - a scroll of magic mapping {!r}
 q - 3 scrolls of poison
 x - a scroll of acquirement {unknown}
 y - 2 scrolls of fear {unknown}
Potions
 d - 2 potions of haste {@q3}
 m - a potion of flight
 t - a potion of ambrosia
 u - a potion of curing {@q1}
 A - 3 potions of attraction {!q}

Dungeon Overview and Level Annotations

Branches:
Dungeon (6/15) Zot: 26483  Temple (0/1) D:4

Altars:
Fedhas
Gozag
Wu Jian

Annotations:
D:4 2 transporters, Vylera's ghost, amateur DsAK

.....#.............
..##...#........... ..
..####.#......####...#
### #.#.#.#######...###
..## #.#.#.# #.D.....
##.###.#.#.# #.#...#
##.##.....#####ยง#...#
#......##.....ยง....#
###.###### .
#.#@....#.# .#.##
#$#)......# #..### #
#..P.###... ..#..###
#.##.#..###.##
#...#..##
#.....)ยง....#
..#...#.######.####.###
#...#........$.# .#
..#...#..#####.# #
#...#....# #.#


There were no monsters in sight!


Message History

Dowan hits your briar patch but does no damage. x2
Duvessa hits you but does no damage. ๐Ÿ˜• HP[-1]
You take 1 damage, and now have 52/64 hp.
You hit Duvessa.
Duvessa looks as sick as possible!
Duvessa hits you but does no damage.
Blork the orc comes into view.
He is wielding a +0 halberd.
Dowan is struck by your briar patch's thorns.
Dowan dies!
Fedhas appreciates your contribution to the ecosystem.
Duvessa weeps, and shakes her weapon.
Duvessa goes berserk!
Unknown command.
Unknown command.
You closely miss Duvessa. You punch Duvessa. Duvessa misses you.
Blork the orc gestures wildly while chanting.
Blork the orc seems to speed up.
You hear an angry hiss. ๐Ÿ˜• HP[+1] Unknown command.
You barely miss Duvessa. Your punch misses Duvessa.
Duvessa hits you with a +0 short sword!
A river rat scurries out from under your cloak.
Blork the orc screams, "I'll break your legs!" ๐Ÿ˜ฎ HP[-11]
You take 11 damage, and now have 42/64 hp.
You hit Duvessa but do no damage.
Duvessa looks as sick as possible!
Duvessa hits you but does no damage. ๐Ÿ˜ฎ MP[+1]
You completely miss Duvessa.
You kill Duvessa!
Fedhas appreciates your contribution to the ecosystem.
Blork the orc hits your briar patch with a +0 halberd.
Things that are here:
a +0 short sword {short}; a +0 leather armour You swap places.
Blork the orc closely misses you.
You walk carefully through the plants.
Blork the orc hits you with a +0 halberd!
Blork the orc barely misses you. x2 ๐Ÿ˜ฎ HP[-8]
You take 8 damage, and now have 34/64 hp.
You hit Blork the orc but do no damage.
Blork the orc is poisoned.
Blork the orc hits you with a +0 halberd.
* * * LOW HITPOINT WARNING * * *
๐Ÿ˜จ HP[-3] MP[+1]
You take 3 damage, and now have 31/64 hp.
Your mp is fully restored (23).
You hit Blork the orc.
Blork the orc looks as sick as possible!
Blork the orc hits you with a +0 halberd!
* * * LOW HITPOINT WARNING * * *
๐Ÿ˜จ HP[-9]
You take 9 damage, and now have 22/64 hp.
You hit Blork the orc.
Blork the orc looks as sick as possible!
Your bite misses Blork the orc. Blork the orc closely misses you.
You hit Blork the orc but do no damage. Your bite misses Blork the orc.
Blork the orc gestures at you while chanting.
The puff of flame misses you. The puff of flame hits your river rat!
Blork the orc screams, "Die!"
Blork the orc barely misses you.
You hit Blork the orc.
Blork the orc looks as sick as possible!
Blork the orc gestures at you while chanting.
The puff of frost hits you.
* * * LOW HITPOINT WARNING * * *
๐Ÿ˜จ HP[-3]
You take 3 damage, and now have 19/64 hp.
Aiming: Corrosive Bolt
Press: ? - help, Shift-Dir - straight line The bolt of acid hits Blork the orc!!
The acid corrodes Blork the orc!
You kill Blork the orc!
Fedhas appreciates your contribution to the ecosystem.
You now have 328 gold pieces (gained 2).
F - a +2 dagger of holy wrath {short}
A - 3 potions of attraction {!q} (gained 2)
Items here: ) [[ โ€ .
Your briar patch disappears in a puff of smoke!
Your briar patch disappears in a puff of smoke! x2
Your river rat returns to the shadows of the Dungeon!
Your briar patch disappears in a puff of smoke!
Your briar patch disappears in a puff of smoke!
A steam dragon comes into view. ๐Ÿ˜จ HP[+4]
You regained 4 hp, and now have 23/64 hp.
A steam dragon is nearby!
A steam dragon is nearby!
A steam dragon is nearby!
A steam dragon is nearby!
You are too injured to fight recklessly!
You are too injured to fight recklessly!
You are too injured to fight recklessly!
You are too injured to fight recklessly!
You are too injured to fight recklessly!
You are too injured to fight recklessly!
You are too injured to fight recklessly!
The steam dragon breathes steam at you. The ball of steam hits you!!
You die...
Fedhas appreciates your contribution to the ecosystem.

Skill      XL: |  1  2  3  4  5  6  7  8 |
---------------+-------------------------+-----
Invocations    | 1 2 3 |  3.8
Short Blades   | 1 2 3 |  3.5
Long Blades    | 1 2 3 |  3.5
Axes           | 1 2 3 |  3.5
Maces & Flails | 1 2 3 |  3.5
Polearms       | 1 2 3 |  3.5
Slings         | 1 2 3 |  3.5
Bows           | 1 2 3 |  3.5
Crossbows      | 1 2 3 |  3.5
Throwing       | 1 2 3 |  3.5
Stealth        | 1 2 3 |  3.5
Shields        | 1 2 3 |  3.5
Unarmed Combat | 1 2 3 |  3.5
Spellcasting   | 3 4 |  4.5
Conjurations   | 1 2 |  2.8
Hexes          | 1 2 |  2.8
Summonings     | 1 2 |  2.8
Necromancy     | 1 2 |  2.8
Translocations | 1 2 |  2.8
Transmutations | 1 2 |  2.8
Fire Magic     | 1 2 |  2.8
Ice Magic      | 1 2 |  2.8
Air Magic      | 1 2 |  2.8
Earth Magic    | 1 2 |  2.8
Poison Magic   | 1 2 |  2.8
Staves         | 3 4 |  4.4
Dodging        | 3 4 |  4.4
Evocations     | 3 4 |  4.4
Fighting       | 5 |  5.8
Armour         | 9 |  9.2

Action                   |  1- 3 |  4- 6 |  7- 9 || total
-------------------------+-------+-------+-------++-------
Melee: Quarterstaff      |    89 |    78 |       ||   167
       Bite              |     7 |     7 |    15 ||    29
       Dagger            |       |    14 |   126 ||   140
       Punch             |       |       |     2 ||     2
Invok: Wall of Briars    |       |     3 |     2 ||     5
Evoke: Wand              |       |     1 |     1 ||     2
  Use: Potion            |       |     3 |     5 ||     8
       Scroll            |       |       |     7 ||     7
Armor: Scale mail        |    47 |    72 |    82 ||   201
Dodge: Dodged            |    59 |    60 |    94 ||   213

Levels and vault maps discovered:
D:1:      evilmike_arrival_rings, layout_loops_corners,
          hellmonk_ecumenical_altar_lost_god
D:2:      layout_loops_cross
D:3:      layout_loops_corners, uniq_ijyb
D:4:      layout_basic, nicolae_gozag_cash_rules_everything_around_me,
          minmay_temple_entry_statues_fountains, gammafunk_ghost_arena,
          chequers_serial_rivers_small_b, wad_floor_pattern_2, uniq_sigmund
D:5:      layout_rooms, pdpol_wu_jian_five_deadly_venoms, uniq_eustachio
D:6:      layout_loops_cross, lemuel_crystal_altar, hex_medium, uniq_duvessa,
          uniq_blork_the_orc, uniq_menkaure, uniq_crazy_yiuf_cottage,
          uniq_edmund

Notes
Turn   | Place    | Note
-------+----------+-------------------------------------------
     0 | D:1      | spaghetti the Gnoll Wanderer began the quest for the Orb.
     0 | D:1      | spaghetti set off with the following items: a +0
                  | quarterstaff {staff}, a +2 scale mail, a scroll of
                  | vulnerability {!r!r}, a potion of haste {@q3}.
     0 | D:1      | Reached XP level 1. HP: 20/20 MP: 4/4
     0 | D:1      | magus.rc [v1.9.6]
   362 | D:1      | Reached XP level 2. HP: 26/26 MP: 5/5
   464 | D:1      | Found a faded altar of an unknown god.
   541 | D:1      | Prayed at the altar of an unknown god.
   541 | D:1      | Became a worshipper of Fedhas Madash
   541 | D:1      | Reached * piety under Fedhas
  1096 | D:2      | Reached XP level 3. HP: 15/31 MP: 7/7
  1474 | D:2      | You pick up a book of Callings and begin reading...
  1474 | D:2      | You add the spells Summon Small Mammal, Call Canine
                  | Familiar and Summon Guardian Golem to your library.
  1529 | D:2      | Reached skill level 1 in Invocations
  1820 | D:2      | Reached skill level 1 in Short Blades
  1820 | D:2      | Reached skill level 1 in Long Blades
  1820 | D:2      | Reached skill level 1 in Axes
  1820 | D:2      | Reached skill level 1 in Maces & Flails
  1820 | D:2      | Reached skill level 1 in Polearms
  1820 | D:2      | Reached skill level 1 in Slings
  1820 | D:2      | Reached skill level 1 in Bows
  1820 | D:2      | Reached skill level 1 in Crossbows
  1820 | D:2      | Reached skill level 1 in Throwing
  1820 | D:2      | Reached skill level 1 in Stealth
  1820 | D:2      | Reached skill level 1 in Shields
  1820 | D:2      | Reached skill level 1 in Unarmed Combat
  2143 | D:3      | Found the +2 ratskin cloak {*Rats rPois rN+ Str-1 Int-1
                  | Dex+1}
  2176 | D:3      | Reached XP level 4. HP: 28/38 MP: 8/8
  2178 | D:3      | Learned a level 1 spell: Summon Small Mammal
  2311 | D:3      | Reached ** piety under Fedhas
  2512 | D:3      | Reached skill level 3 in Spellcasting
  2772 | D:3      | Noticed Ijyb
  2779 | D:3      | HP: 12/57 [Ijyb/bolt of acid (22)]
  2781 | D:3      | Killed Ijyb
  2782 | D:3      | Reached skill level 1 in Conjurations
  2782 | D:3      | Reached skill level 1 in Hexes
  2782 | D:3      | Reached skill level 1 in Summonings
  2782 | D:3      | Reached skill level 1 in Necromancy
  2782 | D:3      | Reached skill level 1 in Translocations
  2782 | D:3      | Reached skill level 1 in Transmutations
  2782 | D:3      | Reached skill level 1 in Fire Magic
  2782 | D:3      | Reached skill level 1 in Ice Magic
  2782 | D:3      | Reached skill level 1 in Air Magic
  2782 | D:3      | Reached skill level 1 in Earth Magic
  2782 | D:3      | Reached skill level 1 in Poison Magic
  3219 | D:4      | Reached XP level 5. HP: 34/43 MP: 9/9
  3230 | D:4      | Reached skill level 3 in Staves
  3230 | D:4      | Reached skill level 3 in Dodging
  3230 | D:4      | Reached skill level 3 in Evocations
  3484 | D:4      | Found a staircase to the Ecumenical Temple.
  3531 | D:4      | Found a transporter.
  3531 | D:4      | Noticed Vylera's ghost (amateur DsAK)
  3533 | D:4      | Found an opulent altar of Gozag.
  3602 | D:4      | Found a transporter.
  3688 | D:4      | Noticed Sigmund
  3699 | D:4      | Reached skill level 2 in Invocations
  3699 | D:4      | Reached XP level 6. HP: 40/50 MP: 6/10
  3725 | D:4      | Killed Sigmund
  3726 | D:4      | Reached skill level 5 in Fighting
  3726 | D:4      | Reached skill level 2 in Short Blades
  3726 | D:4      | Reached skill level 2 in Long Blades
  3726 | D:4      | Reached skill level 2 in Axes
  3726 | D:4      | Reached skill level 2 in Maces & Flails
  3726 | D:4      | Reached skill level 2 in Polearms
  3726 | D:4      | Reached skill level 2 in Slings
  3726 | D:4      | Reached skill level 2 in Bows
  3726 | D:4      | Reached skill level 2 in Crossbows
  3726 | D:4      | Reached skill level 2 in Throwing
  3726 | D:4      | Reached skill level 2 in Stealth
  3726 | D:4      | Reached skill level 2 in Shields
  3726 | D:4      | Reached skill level 2 in Unarmed Combat
  3960 | D:4      | Reached XP level 7. HP: 48/56 MP: 12/12
  4207 | D:5      | Entered Level 5 of the Dungeon
  4224 | D:5      | Reached skill level 2 in Conjurations
  4224 | D:5      | Reached skill level 2 in Hexes
  4224 | D:5      | Reached skill level 2 in Summonings
  4224 | D:5      | Reached skill level 2 in Necromancy
  4224 | D:5      | Reached skill level 2 in Translocations
  4224 | D:5      | Reached skill level 2 in Transmutations
  4224 | D:5      | Reached skill level 2 in Fire Magic
  4224 | D:5      | Reached skill level 2 in Ice Magic
  4224 | D:5      | Reached skill level 2 in Air Magic
  4224 | D:5      | Reached skill level 2 in Earth Magic
  4224 | D:5      | Reached skill level 2 in Poison Magic
  4441 | D:5      | Found an ornate altar of the Wu Jian Council.
  4458 | D:5      | You pick up a book of Air and begin reading...
  4458 | D:5      | You add the spells Shock, Swiftness and Airstrike to your
                  | library.
  4499 | D:5      | Reached skill level 9 in Armour
  4597 | D:5      | Reached skill level 3 in Invocations
  4704 | D:5      | Noticed Eustachio
  4717 | D:5      | Killed Eustachio
  4718 | D:5      | Reached skill level 4 in Spellcasting
  4718 | D:5      | Reached XP level 8. HP: 56/63 MP: 14/14
  4874 | D:6      | Reached *** piety under Fedhas
  4875 | D:6      | Reached skill level 3 in Short Blades
  4875 | D:6      | Reached skill level 3 in Long Blades
  4875 | D:6      | Reached skill level 3 in Axes
  4875 | D:6      | Reached skill level 3 in Maces & Flails
  4875 | D:6      | Reached skill level 3 in Polearms
  4875 | D:6      | Reached skill level 4 in Staves
  4875 | D:6      | Reached skill level 3 in Slings
  4875 | D:6      | Reached skill level 3 in Bows
  4875 | D:6      | Reached skill level 3 in Crossbows
  4875 | D:6      | Reached skill level 3 in Throwing
  4875 | D:6      | Reached skill level 4 in Dodging
  4875 | D:6      | Reached skill level 3 in Stealth
  4875 | D:6      | Reached skill level 3 in Shields
  4875 | D:6      | Reached skill level 3 in Unarmed Combat
  4875 | D:6      | Reached skill level 4 in Evocations
  5063 | D:6      | Noticed Menkaure
  5086 | D:6      | Killed Menkaure
  5327 | D:6      | Noticed Duvessa
  5329 | D:6      | Noticed Dowan
  5346 | D:6      | Noticed Blork the orc
  5346 | D:6      | Killed Dowan
  5350 | D:6      | Killed Duvessa
  5359 | D:6      | Killed Blork the orc
  5379 | D:6      | Killed from afar by a steam dragon

Vanquished Creatures
  Sigmund (D:4)
  Eustachio (D:5)
  Duvessa (D:6)
  An orc warrior (D:6)
  Blork the orc (D:6)
  2 scorpions
  3 hounds (D:5)
  3 iguanas
  An orc wizard (D:5)
  3 gnolls (D:4)
  7 adders
  3 dart slugs
  8 orcs
  7 ball pythons
  8 endoplasms
  4 giant cockroaches
  6 hobgoblins
  4 kobolds
  3 quokkas
  3 bats
  A frilled lizard (D:1)
  3 goblins
  3 rats
77 creatures vanquished.

Vanquished Creatures (collateral kills)
  Menkaure (D:6)
  2 necrophages
  Dowan (D:6)
  Ijyb (D:3)
  2 orc wizards (D:4)
  A gnoll (D:4)
  A white imp (D:6)
  An ufetubus (D:6)
  A worm (D:4)
  8 orcs
  A giant cockroach (D:4)
  2 jackals (D:4)
22 creatures vanquished.

Grand Total: 99 creatures vanquished

Table legend:
 A = Non-vault XP
 B = Vault XP
 C = Vault XP percentage of total XP
 D = Non-vault monster count
 E = Vault monster count
 F = Vault count percentage of total count
                 A         B        C        D         E       F
            +---------+---------+-------+---------+---------+-------
      Total |    1093 |     923 |  45.8 |      92 |       7 |   7.1
            +---------+---------+-------+---------+---------+-------
        D:1 |      30 |       0 |   0.0 |      16 |       0 |   0.0
        D:2 |      46 |       0 |   0.0 |      14 |       0 |   0.0
        D:3 |      38 |      36 |  48.6 |      12 |       1 |   7.7
        D:4 |     342 |     214 |  38.5 |      28 |       1 |   3.4
        D:5 |     373 |     197 |  34.6 |      10 |       1 |   9.1
        D:6 |     264 |     476 |  64.3 |      12 |       4 |  25.0
            +---------+---------+-------+---------+---------+-------

Illustrated notes

Table legend:
 A = Kills in this place as a percentage of kills in entire the game.
 B = Kills by you in this place as a percentage of kills by you in the entire game.
 C = Kills by friends in this place as a percentage of kills by friends in the entire game.
 D = Other kills in this place as a percentage of other kills in the entire game.
 E = Experience gained in this place as a percentage of experience gained in the entire game.
 F = Experience gained in this place divided by the number of levels of this place that you have seen.
                   A       B       C       D       E      F
               +-------+-------+-------+-------+-------+----------------------
         Total | 100.0 | 100.0 | 100.0 |   N/A | 100.0 | 336.0
       Dungeon | 100.0 | 100.0 | 100.0 |   N/A | 100.0 | 336.0
               +-------+-------+-------+-------+-------+----------------------

Table legend: (Time is in decaauts)
 A = Elapsed time spent in this place.
 B = Non-inter-level travel time spent in this place.
 C = Inter-level travel time spent in this place.
 D = Time resting spent in this place.
 E = Time spent auto-exploring this place.
 F = Levels seen in this place.
 G = Mean time per level.
                   A        B        C        D        E       F      G
               +--------+--------+--------+--------+--------+-----+--------+
         Total |   5401 |   5298 |    103 |     19 |   4571 |   6 |  900.2 |
       Dungeon |   5401 |   5298 |    103 |     19 |   4571 |   6 |  900.2 |
               +--------+--------+--------+--------+--------+-----+--------+

Top non-repeatable levels by time:
     D:3: 1197 daAuts
     D:1: 1088 daAuts
     D:4: 1019 daAuts
     D:2: 940 daAuts
     D:5: 640 daAuts
     D:6: 516 daAuts
